 Dungeon Crawl Stone Soup version 0.23-a0-696-gf95311e5ea (webtiles) character file.

184 LLavrengius the Sneak (level 5, 0/36 HPs)
             Began as an Octopode Fighter on Jan 12, 2019.
             Slain by a centaur (10 damage)
             ... on level 3 of the Dungeon.
             The game lasted 00:05:44 (2524 turns).

LLavrengius the Sneak (Octopode Fighter)            Turns: 2524, Time: 00:05:45

Health: 0/36       AC:  1    Str: 15    XL:     5   Next: 64%
Magic:  14/14      EV: 11    Int: 12    God:
Gold:   166        SH:  8    Dex: 11    Spells: 4/4 levels left

rFire    . . .     SeeInvis .   a - +0 rapier
rCold    . . .     Gourm    .   b - +0 shield
rNeg     . . .     Faith    .   (helmet restricted)
rPois    .         Spirit   .   (no amulet)
rElec    .         Reflect  .   m - ring of magical power
rCorr    .         Harm     .   (no ring)
MR       .....                  (no ring)
Stlth    ++++......             (no ring)
HPRegen  0.12/turn              (no ring)
MPRegen  0.14/turn              (no ring)
                                (no ring)
                                (no ring)

@: no status effects
A: almost no armour, stealthy swim, amphibious, 8 rings, constrict 8, camouflage
1, gelatinous body 1
a: no special abilities


You were on level 3 of the Dungeon.
You were not hungry.

You visited 1 branch of the dungeon, and saw 3 of its levels.

You collected 166 gold pieces.

Inventory:

Hand Weapons
 a - a +0 rapier (weapon)
 n - a +0 spear
Missiles
 j - 18 arrows
Armour
 b - a +0 shield (worn)
Jewellery
 m - a ring of magical power (left tentacle)
Wands
 q - a wand of iceblast (9)
Scrolls
 e - a scroll of enchant weapon {unknown}
 f - 2 scrolls of teleportation {unknown}
 p - a scroll of identify {unknown}
Potions
 c - a potion of might
 g - 3 potions of curing {unknown}
 h - a potion of flight {unknown}
 i - 2 potions of mutation {unknown}
 k - a potion of resistance {unknown}
 l - a potion of berserk rage {unknown}
 o - a potion of lignification {unknown}
Comestibles
 d - 6 rations


   Skills:
 - Level 3.0 Fighting
 + Level 4.2 Short Blades
 - Level 3.0 Dodging
 + Level 5.2 Stealth
 - Level 3.0 Shields


You had 4 spell levels left.
You didn't know any spells.
Your spell library was empty.

Dungeon Overview and Level Annotations

Branches:
Dungeon (3/15)

Altars:
Elyvilon
Xom


Innate Abilities, Weirdness & Mutations

You cannot wear most types of armour.
You are very stealthy in the water. (Stealth+)
You are amphibious.
You can wear up to eight rings at the same time.
You can use your tentacles to constrict eight enemies at once.
Your skin changes colour to match your surroundings (Stealth+).
Your rubbery body absorbs attacks. (AC +1, EV +1)


Message History

The centaur is almost dead.
The centaur hits you. You block the centaur's attack.
You are too injured to fight recklessly!
You are too injured to fight recklessly!
You are too injured to fight recklessly!
You hit the centaur but do no damage. Your squeeze misses the centaur.
The centaur is almost dead.
The centaur hits you. The centaur completely misses you.
You hit the centaur but do no damage.
The centaur is almost dead.
The centaur barely misses you.
You hit the centaur. Your squeeze misses the centaur.
The centaur is almost dead.
The centaur hits you.
* * * LOW HITPOINT WARNING * * *
The centaur closely misses you.
You hit the centaur.
The centaur is almost dead.
The centaur hits you!
You die...

#. #..#########.#.#
#.##..# ##†#.# .....#
#..#.# #...# #..#.#
#...### #..#.#
#...(.######..#.#
[##.###.#.#.#.......#.#
.(........(........##
####.#@#.#.#.######
#oc.....#†# #.##
#..######†# #... ....
#.# #### ####. #.# #.
#.# #. #.# #. #.# #..


You could see a centaur and an orc.

Vanquished Creatures
  A hound (D:2)
  A worker ant (D:3)
  7 adders
  4 worms
  2 dart slugs (D:2)
  A ball python (D:1)
  4 giant cockroaches
  10 goblins
  A hobgoblin (D:1)
  2 jackals (D:3)
  3 bats
  7 frilled lizards
  7 kobolds
  10 rats
60 creatures vanquished.

Notes
Turn   | Place    | Note
-------+----------+-------------------------------------------
     0 | D:1      | LLavrengius the Octopode Fighter began the quest for the
                  | Orb.
     0 | D:1      | Reached XP level 1. HP: 16/16 MP: 1/1
   154 | D:1      | Reached skill level 1 in Stealth
   349 | D:1      | Reached XP level 2. HP: 21/21 MP: 2/2
   616 | D:1      | Reached skill level 2 in Stealth
   972 | D:2      | Reached skill level 3 in Stealth
   972 | D:2      | Reached XP level 3. HP: 13/26 MP: 3/3
  1218 | D:2      | Reached XP level 4. HP: 31/31 MP: 4/4
  1671 | D:2      | Reached skill level 4 in Stealth
  1865 | D:2      | Reached XP level 5. HP: 30/36 MP: 5/5
  2393 | D:3      | Reached skill level 5 in Stealth
  2456 | D:3      | Found a shimmering altar of Xom.
  2457 | D:3      | Found a white marble altar of Elyvilon.
  2513 | D:3      | Noticed a centaur
  2524 | D:3      | Slain by a centaur

Vault maps used:
D:1:      ebering_trefoil_twist
D:2:      minmay_inner_zag
D:3:      cheibrodos_helix_gallery, gammafunk_temple_overflow_statue,
          first_ration, uniq_natasha

Skill      XL: |  1  2  3  4  5 |
---------------+----------------+-----
Stealth        | 1 3 4 5 |  5.2
Short Blades   | 3 4 |  4.2
Fighting       | |  3.0
Dodging        | |  3.0
Shields        | |  3.0

Action                   |  1- 3 |  4- 6 || total
-------------------------+-------+-------++-------
Melee: Rapier            |    59 |    70 ||   129
       Constrict         |    13 |    12 ||    25
       Tentacles         |     6 |     8 ||    14
 Stab: Sleeping          |     7 |    14 ||    21
  Eat: Chunk             |     1 |     4 ||     5
Armor: Skin              |     9 |     1 ||    10
Dodge: Dodged            |    22 |    20 ||    42
Block: Shield            |    21 |    20 ||    41

Table legend:
 A = Non-vault XP
 B = Vault XP
 C = Vault XP percentage of total XP
 D = Non-vault monster count
 E = Vault monster count
 F = Vault count percentage of total count
                 A         B        C        D         E       F
            +---------+---------+-------+---------+---------+-------
      Total |     244 |      20 |   7.6 |      56 |       4 |   6.7
            +---------+---------+-------+---------+---------+-------
        D:1 |      30 |       0 |   0.0 |      22 |       0 |   0.0
        D:2 |     155 |      20 |  11.4 |      27 |       4 |  12.9
        D:3 |      59 |       0 |   0.0 |       7 |       0 |   0.0
            +---------+---------+-------+---------+---------+-------
